 Dungeon Crawl Stone Soup version 0.20.0-3-g22ec75f (webtiles) character file.

3806 Beldrama the Grappler (level 9, 0/80 HPs)
             Began as a Troll Monk on May 27, 2017.
             Slain by a hornet (8 damage)
             ... on level 8 of the Dungeon.
             The game lasted 00:21:00 (5097 turns).

Beldrama the Grappler (Troll Monk)                  Turns: 5097, Time: 00:21:00

Health: 0/80       AC:  7    Str: 24    XL:     9   Next: 96%
Magic:  8/8        EV: 10    Int:  6    God:
Gold:   421        SH:  0    Dex: 12    Spells: 8/8 levels left

rFire    . . .     SeeInvis .     - Unarmed
rCold    . . .     Gourm    +   (no shield)
rNeg     + + .     Faith    .   h - +0 robe {rN+}
rPois    +         Spirit   .   (helmet restricted)
rElec    +         Reflect  .   j - +1 cloak {rPois}
rCorr    .         Harm     .   (gloves unavailable)
MR       .....     Clarity  +   (boots unavailable)
Stlth    ++........             (no amulet)
Regen    0.7/turn               c - ring of positive energy
MPRegen  0.2/turn               (no ring)

@: marked, slowed, very slow
A: unfitting armour, claws 3, clarity, fast metabolism 3, gourmand, mutation
resistance 1, sense surroundings 1, regeneration 1, shaggy fur 1, electricity
resistance, tough skin 2
a: no special abilities


You were on level 8 of the Dungeon.
You were completely stuffed.

You visited 2 branches of the dungeon, and saw 9 of its levels.

You collected 421 gold pieces.

Inventory:

Armour
 h - a +0 robe of positive energy (worn)
 j - a +1 cloak of poison resistance (worn)
 o - a scarf of cloud immunity
Jewellery
 c - a ring of positive energy (left claw)
Wands
 i - a wand of random effects (28/48)
 p - a wand of lightning (6/15)
 q - a wand of flame (11/48)
 u - a wand of flame (22/48)
 x - a wand of paralysis (17/24)
Scrolls
 d - 9 scrolls of teleportation
 e - 12 scrolls of identify
 k - 3 scrolls of remove curse
 m - a scroll of magic mapping
 n - 2 scrolls of enchant weapon
 s - 2 scrolls of enchant armour
 t - a scroll of fog
 v - a scroll of fear
Potions
 f - 8 potions of curing
 l - 2 potions of mutation
Books
 w - a book of Misfortune

   Spells                             Type                      Level
   a - Confusing Touch                Hexes                        1
   b - Confuse                        Hexes                        3
   c - Gell's Gravitas                Translocation                3
   d - Petrify                        Transmutation/Earth          4
   e - Metabolic Englaciation         Hexes/Ice                    5
   f - Yara's Violent Unravelling     Hexes/Transmutation          5
Comestibles
 a - 5 chunks of flesh
 b - 9 bread rations
 g - 7 royal jellies
 r - 6 meat rations


   Skills:
 * Level 2.4 Fighting
 * Level 2.4 Dodging
 - Level 1.0 Stealth
 * Level 14.0 Unarmed Combat


You had 8 spell levels left.
You didn't know any spells.

Dungeon Overview and Level Annotations

Branches:
Dungeon (8/15)             Temple (1/1) D:6
   Lair: D:8-11

Altars:
Ashenzari
Cheibriados
Dithmenos
Elyvilon
Fedhas
Gozag
Hepliaklqana
Kikubaaqudgha
Makhleb
Nemelex Xobeh
Okawaru
Qazlal
Ru
Sif Muna
Trog
Uskayaw
Vehumet
Xom
Yredelemnul
Zin

Shops:
D:4 }


Innate Abilities, Weirdness & Mutations

You are too large for most types of armour.
You have claws for hands.
Your metabolism is lightning-fast.
You like to eat raw meat.
Your natural rate of healing is unusually fast.
You are covered in fur. (AC +1)
You have very tough skin. (AC +2)
You possess an exceptional clarity of mind.
You are somewhat resistant to further mutation.
You passively map a small area around you.
You are resistant to electric shocks. (rElec)


Message History

The hornet is lightly wounded.
You feel yourself speed up. The hornet stings you!
You claw the hornet!
The hornet is heavily wounded.
The hornet stings you.
You feel yourself slow down.
You barely miss the hornet.
The hornet is heavily wounded.
You feel yourself speed up. The hornet stings you!
You are poisoned.
You feel yourself slow down. The hornet stings you!
* * * LOW HITPOINT WARNING * * *
A centaur comes into view.
You feel better. The hornet stings you!
The worker ant waves its antennae.
The hornet stings you!
* * * LOW HITPOINT WARNING * * *
The hornet stings you!
You die...

·· ░ ▒▒▒▒▒▒▒
▒∙∙∙∙∙▒ ▒▒▒
▒∙▒▒▒∙▒ ▒∙∙ · · ·
▒∙▒ ▒∙▒ ▒∙▒ ░ ░ ░
▒∙▒ ▒∙▒ ▒∙▒ ░ ▒∙▒
▒@▒ ▒∙▒ ▒∙▒ ▒y▒
▒∙▒ ▒∙▒
▒a▒▒▒∙▒▒▒▒▒▒░ ▒∙▒
▒hh∙∙∙∙h∙∙∙∙∙ ·
▒∙▒▒▒c∙∙∙∙▒∙▒▒▒▒∙
▒∙∙∙∙∙∙l∙▒∙▒▒
▒▒▒▒▒∙∙▒∙∙▒▒ ░
▒∙∙▒∙▒▒ ▒∙∙▒∙▒


You could see a hornet, a wyvern, a centaur, 2 hounds and a worker ant.

Vanquished Creatures
  Pikel (D:5)
  Joseph (D:8)
  Grinder (D:4)
  A yak (D:7)
  A hungry ghost (D:7)
  3 hogs (D:7)
  A human (D:7)
  A water moccasin (D:7)
  An orc warrior (D:6)
  2 ice beasts
  3 phantoms
  Blork the orc (D:5)
  4 bullfrogs
  A scorpion (D:6)
  5 wights (D:6)
  A howler monkey (D:5)
  3 crimson imps
  A bullfrog zombie (D:5)
  3 jellies
  3 hounds
  An orc priest (D:6)
  Crazy Yiuf (D:2)
  A centaur skeleton (D:6)
  An orc wizard (D:6)
  A bullfrog skeleton (D:5)
  An iguana (D:7)
  Ijyb (D:5)
  3 worker ants
  A killer bee zombie (D:8)
  6 adders
  An adder skeleton (D:3)
  4 worms
  3 dart slugs
  4 leopard geckos
  12 orcs
  2 bats
  7 giant cockroaches
  4 goblins
  7 hobgoblins
  15 jackals
  3 kobolds
  5 quokkas
  3 ball pythons
  7 frilled lizards
  5 rats
137 creatures vanquished.

Vanquished Creatures (others)
  A centaur zombie (D:5)
1 creature vanquished.

Grand Total: 138 creatures vanquished

Notes
Turn   | Place    | Note
-------+----------+-------------------------------------------
     0 | D:1      | Beldrama the Troll Monk began the quest for the Orb.
     0 | D:1      | Reached XP level 1. HP: 22/22 MP: 0/0
   469 | D:1      | Reached XP level 2. HP: 29/29 MP: 1/1
   504 | D:1      | Gained mutation: You passively map a small area around you. [potion of mutation]
   504 | D:1      | Gained mutation: You are resistant to electric shocks. (rElec) [potion of mutation]
   504 | D:1      | Gained mutation: You possess an exceptional clarity of mind. [potion of mutation]
   504 | D:1      | Gained mutation: You are somewhat resistant to further mutation. [potion of mutation]
   638 | D:1      | Reached skill level 4 in Unarmed Combat
   761 | D:2      | Reached XP level 3. HP: 36/36 MP: 2/2
  1117 | D:2      | Found a runed door.
  1121 | D:2      | Noticed Crazy Yiuf
  1127 | D:2      | Killed Crazy Yiuf
  1127 | D:2      | Reached XP level 4. HP: 44/44 MP: 3/3
  1335 | D:2      | Found a bloodstained altar of Trog.
  1343 | D:2      | Reached skill level 5 in Unarmed Combat
  1577 | D:3      | Found an iron altar of Okawaru.
  1708 | D:3      | Found a stormy altar of Qazlal.
  1709 | D:3      | Noticed a fire elemental
  1711 | D:3      | Noticed an earth elemental
  1711 | D:3      | Noticed a water elemental
  1711 | D:3      | Noticed an air elemental
  1974 | D:4      | Reached XP level 5. HP: 50/50 MP: 4/4
  2103 | D:4      | Found a hazy altar of Hepliaklqana.
  2222 | D:4      | Noticed a phantom
  2246 | D:4      | Reached skill level 6 in Unarmed Combat
  2251 | D:4      | Killed a phantom
  2317 | D:4      | Found Juvaff's Gadget Shop.
  2325 | D:4      | Reached XP level 6. HP: 56/59 MP: 5/5
  2445 | D:4      | Found a radiant altar of Vehumet.
  2486 | D:4      | Found a white marble altar of Elyvilon.
  2519 | D:4      | Found a shattered altar of Ashenzari.
  2554 | D:4      | Found a bloodstained altar of Trog.
  2572 | D:4      | Reached skill level 7 in Unarmed Combat
  2708 | D:4      | Noticed Grinder
  2718 | D:4      | Killed Grinder
  2718 | D:4      | Reached skill level 8 in Unarmed Combat
  2840 | D:5      | Entered Level 5 of the Dungeon
  2846 | D:5      | Noticed Blork the orc
  2855 | D:5      | Killed Blork the orc
  2855 | D:5      | Reached XP level 7. HP: 53/66 MP: 6/6
  2917 | D:5      | Noticed Ijyb
  2922 | D:5      | Killed Ijyb
  3003 | D:5      | Reached skill level 9 in Unarmed Combat
  3178 | D:5      | Noticed Pikel
  3189 | D:5      | Killed Pikel
  3189 | D:5      | Reached skill level 10 in Unarmed Combat
  3189 | D:5      | Reached XP level 8. HP: 68/74 MP: 7/7
  3403 | D:5      | Found a burning altar of Makhleb.
  3545 | D:6      | Reached skill level 11 in Unarmed Combat
  3829 | D:6      | Reached XP level 9. HP: 68/80 MP: 8/8
  3848 | D:6      | Found a staircase to the Ecumenical Temple.
  3857 | Temple   | Entered the Ecumenical Temple
  4088 | D:6      | Found a basalt altar of Yredelemnul.
  4220 | D:6      | Reached skill level 12 in Unarmed Combat
  4374 | D:7      | Found a shadowy altar of Dithmenos.
  4459 | D:7      | Found a shimmering altar of Xom.
  4695 | D:7      | Reached skill level 13 in Unarmed Combat
  4884 | D:8      | Noticed Joseph
  4896 | D:8      | Killed Joseph
  5084 | D:8      | Reached skill level 14 in Unarmed Combat
  5087 | D:8      | Paralysed by a hornet for 1 turns
  5097 | D:8      | Slain by a hornet

Skill      XL: |  1  2  3  4  5  6  7  8  9 |
---------------+----------------------------+-----
Unarmed Combat | 4 5 6 8 10 11 14 | 14.0
Fighting       | |  2.4
Dodging        | |  2.4
Stealth        | |  1.0

Action                   |  1- 3 |  4- 6 |  7- 9 || total
-------------------------+-------+-------+-------++-------
Melee: Unarmed           |    63 |   141 |   251 ||   455
       Punch             |       |     1 |    10 ||    11
  Use: Potion            |     6 |     2 |     1 ||     9
       Scroll            |     7 |     5 |     2 ||    14
 Stab: Sleeping          |     4 |     1 |     4 ||     9
       Distracted        |       |       |     1 ||     1
  Eat: Chunk             |    16 |    15 |    29 ||    60
Armor: Robe              |    15 |    47 |    57 ||   119
Dodge: Dodged            |    38 |    53 |   109 ||   200
